 Dungeon Crawl Stone Soup version 0.17.0-27-g4a3f43e (console) character file.

96 gw the Cutter (level 4, -5/23 HPs)
             Began as a Vine Stalker Gladiator on Nov 22, 2015.
             Slain by an orc
             ... wielding a +0 flail
              (6 damage)
             ... on level 3 of the Dungeon.
             The game lasted 00:01:16 (1527 turns).

gw the Cutter (Vine Stalker Gladiator)              Turns: 1527, Time: 00:01:16

Health: -5/23      AC:  4    Str: 17    XL:     4   Next: 67%
Magic:  0/5        EV: 13    Int:  8    God:
Gold:   89         SH:  0    Dex: 16    Spells: 0 memorised, 3 levels left

rFire  . . .     SeeInvis +     a - +0 rapier
rCold  . . .     Clarity  .     b - +0 leather armour
rNeg   . . .     SustAt   .     (no shield)
rPois  .         Gourm    .     c - +0 helmet
rElec  .         Spirit   +     (no cloak)
rCorr  .         Warding  .     (no gloves)
rMut   .         Stasis   .     (no boots)
MR     .....                    (no amulet)
Stlth  +.........               (no ring)
                                m - ring of see invisible

@: not resistant to hostile enchantments, very unstealthy
A: fangs 2, regeneration 1, magic shield, antimagic bite, no device heal 3, rot
immunity
a: no special abilities


You were on level 3 of the Dungeon.
You were not hungry.

You visited 1 branch of the dungeon, and saw 3 of its levels.

You collected 89 gold pieces.

Inventory:

Hand Weapons
 a - a +0 rapier (weapon)
Missiles
 d - 3 throwing nets
 f - 6 stones (quivered)
Armour
 b - a +0 leather armour (worn)
 c - a +0 helmet (worn)
Jewellery
 m - a ring of see invisible (left hand)
Scrolls
 i - 2 scrolls of identify {unknown}
Potions
 g - a potion of flight
Comestibles
 e - 2 bread rations
 j - a meat ration
 k - 4 fruits


   Skills:
 + Level 2.4 Fighting
 * Level 3.7 Short Blades
 + Level 2.3 Throwing
 + Level 2.9 Dodging


You had 3 spell levels left.
You didn't know any spells.

Dungeon Overview and Level Annotations

Branches:
Dungeon (3/15)

Altars:


Innate Abilities, Weirdness & Mutations

You have extremely sharp teeth.
Your natural rate of healing is unusually fast.
When hurt, damage is shared between your health and your magic reserves.
Your bite disrupts and absorbs the magic of your enemies.
Potions and wands cannot restore your health.
You are immune to rotting.


Message History

You hit the orc.
You kill the orc!
The orc completely misses you. The orc wizard closely misses you.
ATTACK MOVE TO (1,0)
You hit the orc wizard.
You kill the orc wizard!
The orc closely misses you.
ATTACKING (1,1)
You hit the orc but do no damage.
The orc is moderately wounded.
The orc hits you with a flail!
ATTACKING (1,1)
You hit the orc but do no damage. You bite the orc, but do no damage.
The orc is moderately wounded.
The orc misses you.
ATTACKING (1,1)
You hit the orc.
The orc is severely wounded.
The orc hits you with a flail.
You die...

####### ....... ####
....... ...# #.###
....... ...# #.#..
....... ...#
#.#.####)......
...####
###.#...f).......
...#..
....#...[o.......
####.# #..........####
####%######.....#....#
..........%(.).((..>.#
###..######..........#
#..# #....).....# ##.#
#........##### #..
#...........


You could see an orc.

Table legend:
 A = Turns spent in this place as a percentage of turns spent in the entire game.
 B = Non-inter-level travel turns spent in this place as a percentage of non-inter-level travel turns spent in the entire game.
 C = Inter-level travel turns spent in this place as a percentage of turns spent in this place.
 D = Turns resting spent in this place as a percentage of non-inter-level travel turns spent in this place.
 E = Turns spent auto-exploring this place as a percentage of non-inter-level travel turns spent in this place.
 F = Non-inter-level travel turns spent in this place divided by the number of levels of this place that you've seen.
                   A       B       C       D       E      F
               +-------+-------+-------+-------+-------+----------------------
         Total | 100.0 | 100.0 |   0.3 |   0.7 |   2.3 | 884.3
       Dungeon | 100.0 | 100.0 |   0.3 |   0.7 |   2.3 | 884.3
               +-------+-------+-------+-------+-------+----------------------

Table legend:
 A = Kills in this place as a percentage of kills in entire the game.
 B = Kills by you in this place as a percentage of kills by you in the entire game.
 C = Kills by friends in this place as a percentage of kills by friends in the entire game.
 D = Other kills in this place as a percentage of other kills in the entire game.
 E = Experience gained in this place as a percentage of experience gained in the entire game.
 F = Experience gained in this place divided by the number of levels of this place that you have seen.
                   A       B       C       D       E      F
               +-------+-------+-------+-------+-------+----------------------
         Total | 100.0 | 100.0 |  -nan |  -nan | 100.0 |  46.0
       Dungeon | 100.0 | 100.0 |  -nan |  -nan | 100.0 |  46.0
               +-------+-------+-------+-------+-------+----------------------

Vanquished Creatures
  An orc wizard (D:3)
  2 adders (D:2)
  A shadow imp (D:3)
  2 oozes
  2 giant geckos (D:2)
  2 orcs (D:3)
  A ball python (D:3)
  2 giant cockroaches
  2 quokkas (D:3)
  3 bats
  2 giant newts
  4 goblins
  3 jackals (D:1)
  5 kobolds
  3 rats
35 creatures vanquished.

Notes
Turn   | Place    | Note
--------------------------------------------------------------
     0 | D:1      | gw the Vine Stalker Gladiator began the quest for the Orb.
     0 | D:1      | Reached XP level 1. HP: 11/11 MP: 2/2
   248 | D:1      | Reached skill level 3 in Short Blades
   248 | D:1      | Reached XP level 2. HP: 12/15 MP: 3/3
   638 | D:1      | You fall through a shaft!
   660 | D:2      | Reached XP level 3. HP: 18/18 MP: 4/4
  1452 | D:3      | Reached XP level 4. HP: 19/23 MP: 3/5
  1525 | D:3      | HP: 1/23 [orc/flail (6)]
  1527 | D:3      | Slain by an orc

Action                   |  1- 3 |  4- 6 || total
-------------------------+-------+-------++-------
Melee: Rapier            |    74 |    27 ||   101
Throw: Stone             |    51 |       ||    51
  Use: Potion            |     7 |       ||     7
       Scroll            |     2 |       ||     2
 Stab: Sleeping          |     2 |       ||     2
  Eat: Chunk             |     2 |       ||     2

Vault maps used:
D:1:      ncdulo_smallfort
D:2:      corner_web_ring
